 Dungeon Sprint DCSS version 0.18-a0-1035-g72c9994 (webtiles) character file.

227 Canard the Basher (level 6, -16/59 HPs)
             Began as an Ogre Hunter on Jan 9, 2016.
             Was an Initiate of Okawaru.
             Demolished by a hill giant
             ... wielding a +0 giant club
              (31 damage)
             ... in the Dungeon (Sprint IX: "|||||||||||||||||||||||||||||").
             The game lasted 00:01:59 (429 turns).

Canard the Basher (Ogre Hunter)                      Turns: 429, Time: 00:02:00

Health: -16/59     AC:  0    Str: 26    XL:     6   Next: 2%
Magic:  6/6        EV: 10    Int: 10    God:    Okawaru [......]
Gold:   0          SH:  0    Dex: 10    Spells: 0 memorised, 5 levels left

rFire  . . .     SeeInvis .     r - +2 morningstar (crush)
rCold  . . .     Gourm    .     b - +0 robe
rNeg   . . .     Faith    .     (no shield)
rPois  .         Spirit   .     (helmet restricted)
rElec  .         Dismiss  .     s - +0 cloak
rCorr  .         Reflect  .     (gloves unavailable)
SustAt .         Harm     .     (boots unavailable)
MR     .....     NoTele   +     (no amulet)
Stlth  +.........               u - +3 ring of strength
                                t - +3 ring of strength

@: lethally poisoned (-16 -> -34), corroded equipment, not resistant to hostile
enchantments, very unstealthy
A: unfitting armour, tough skin 1
a: Renounce Religion


You were in the Dungeon.
You worshipped Okawaru.
Okawaru was noncommittal.
You were not hungry.

You visited 1 branch


Innate Abilities, Weirdness & Mutations

You are too large for most types of armour.
You have tough skin (AC +1).


   Skills:
 - Level 2.6 Fighting
 + Level 13.9 Maces & Flails
 - Level 5.4 Throwing
 - Level 1.7 Dodging
 - Level 0.7 Stealth


You had 5 spell levels left.
You didn't know any spells.

Action                   |  1- 3 |  4- 6 || total
-------------------------+-------+-------++-------
Melee: Short sword       |    12 |       ||    12
       Club              |     3 |    28 ||    31
       Morningstar       |       |     7 ||     7
Throw: Large rock        |     4 |     7 ||    11
  Use: Potion            |       |     1 ||     1

Inventory:

Hand Weapons
 a - a +0 short sword
 l - a +0 club
   (You took it off a hobgoblin in the Dungeon)
 n - a +0 giant club
   (You took it off an ogre in the Dungeon)
 r - a +2 morningstar of crushing (weapon)
   (You found it in the Dungeon)
Missiles
 d - 2 throwing nets (quivered)
Armour
 b - a +0 robe (worn)
 s - a +0 cloak (worn)
   (You found it in the Dungeon)
Jewellery
 t - a +3 ring of strength (left hand)
   (You found it in the Dungeon)
 u - a +3 ring of strength (right hand)
   (You found it in the Dungeon)
Wands
 q - a wand of fire (7/15)
   (You found it in the Dungeon)
Scrolls
 k - 2 scrolls of blinking
 o - 3 scrolls of remove curse
 p - 2 scrolls of amnesia
Potions
 e - 5 potions of curing
 g - 2 potions of heal wounds
 h - a potion of haste
 i - 4 potions of magic
 j - a potion of berserk rage
 m - a potion of invisibility
Comestibles
 f - a bread ration


Message History

You barely miss the hill giant.
The hill giant is moderately wounded.
* * * LOW HITPOINT WARNING * * *
You feel sick.
Dmg: -3%(-2hp) hp: 31%(18hp) Unknown command.
Unknown command.
You puncture the hill giant!
The hill giant is severely wounded.
* * * LOW HITPOINT WARNING * * *
You feel sick. The hill giant barely misses you.
Dmg: -2%(-1hp) hp: 29%(17hp) Unknown command.
You completely miss the hill giant.
The hill giant is severely wounded.
* * * LOW HITPOINT WARNING * * *
You feel sick.
The hill giant hits you with a giant club!!
Ouch! That really hurt!
You die...

▓.▓
▓.▓
▓|▓
▓)▓
▓[▓
▓.▓
▓[▓
▓.▓
▓@▓
▓C▓
▓S▓
▓o▓
▓(▓
▓.▓
▓.▓
▓.▓

Dungeon Overview and Level Annotations

Branches:
Dungeon (1/1)

Altars:
Cheibriados
Dithmenos
Elyvilon
Fedhas
Gozag
Kikubaaqudgha
Makhleb
Nemelex Xobeh
Okawaru
Pakellas
Qazlal
Ru
Sif Muna
Trog
Vehumet
Xom
Yredelemnul
Zin
The Shining One
Beogh
Jiyva
Lugonu

Table legend:
 A = Turns spent in this place as a percentage of turns spent in the entire game.
 B = Non-inter-level travel turns spent in this place as a percentage of non-inter-level travel turns spent in the entire game.
 C = Inter-level travel turns spent in this place as a percentage of turns spent in this place.
 D = Turns resting spent in this place as a percentage of non-inter-level travel turns spent in this place.
 E = Turns spent auto-exploring this place as a percentage of non-inter-level travel turns spent in this place.
 F = Non-inter-level travel turns spent in this place divided by the number of levels of this place that you've seen.
                   A       B       C       D       E      F
               +-------+-------+-------+-------+-------+----------------------
         Total | 100.0 | 100.0 |   0.0 |   2.3 |   0.0 | 172.0
       Dungeon | 100.0 | 100.0 |   0.0 |   2.3 |   0.0 | 172.0
               +-------+-------+-------+-------+-------+----------------------

Table legend:
 A = Kills in this place as a percentage of kills in entire the game.
 B = Kills by you in this place as a percentage of kills by you in the entire game.
 C = Kills by friends in this place as a percentage of kills by friends in the entire game.
 D = Other kills in this place as a percentage of other kills in the entire game.
 E = Experience gained in this place as a percentage of experience gained in the entire game.
 F = Experience gained in this place divided by the number of levels of this place that you have seen.
                   A       B       C       D       E      F
               +-------+-------+-------+-------+-------+----------------------
         Total | 100.0 | 100.0 |  -nan |  -nan | 100.0 | 325.0
       Dungeon | 100.0 | 100.0 |  -nan |  -nan | 100.0 | 325.0
               +-------+-------+-------+-------+-------+----------------------
You could see a hill giant, a water moccasin and an orc.

Vanquished Creatures
  An ogre (D)
  2 crimson imps (D)
  A jelly (D)
  A hound (D)
  An adder (D)
  A ball python (D)
  2 hobgoblins (D)
  A kobold (D)
  A quokka skeleton (D)
  A quokka zombie (D)
  A rat (D)
13 creatures vanquished.

Notes
Turn   | Place    | Note
--------------------------------------------------------------
     0 | D        | Canard the Ogre Hunter began the quest for the Orb.
     0 | D        | Reached XP level 1. HP: 22/22 MP: 1/1
    14 | D        | Reached skill level 5 in Throwing
   129 | D        | Noticed an ogre
   129 | D        | Noticed a crimson imp
   132 | D        | Reached skill level 1 in Maces & Flails
   132 | D        | Reached XP level 2. HP: 23/29 MP: 2/2
   135 | D        | Killed an ogre
   135 | D        | Reached skill level 9 in Maces & Flails
   135 | D        | Reached XP level 3. HP: 28/36 MP: 3/3
   135 | D        | Reached XP level 4. HP: 34/44 MP: 4/4
   147 | D        | Reached skill level 10 in Maces & Flails
   167 | D        | Reached skill level 11 in Maces & Flails
   167 | D        | Reached XP level 5. HP: 17/50 MP: 5/5
   201 | D        | Found a glowing silver altar of Zin.
   201 | D        | Found a glowing golden altar of the Shining One.
   201 | D        | Found an ancient bone altar of Kikubaaqudgha.
   201 | D        | Found a basalt altar of Yredelemnul.
   201 | D        | Found a shimmering altar of Xom.
   201 | D        | Found a radiant altar of Vehumet.
   202 | D        | Found an iron altar of Okawaru.
   203 | D        | Found a burning altar of Makhleb.
   204 | D        | Found a deep blue altar of Sif Muna.
   205 | D        | Found a bloodstained altar of Trog.
   206 | D        | Found a sparkling altar of Nemelex Xobeh.
   207 | D        | Found a white marble altar of Elyvilon.
   208 | D        | Found a roughly hewn altar of Beogh.
   209 | D        | Found a viscous altar of Jiyva.
   373 | D        | Became a worshipper of Warmaster Okawaru
   374 | D        | Found a corrupted altar of Lugonu.
   375 | D        | Found a blossoming altar of Fedhas.
   376 | D        | Found a snail-covered altar of Cheibriados.
   377 | D        | Found a shadowy altar of Dithmenos.
   378 | D        | Found a stormy altar of Qazlal.
   379 | D        | Found an opulent altar of Gozag.
   380 | D        | Found a sacrificial altar of Ru.
   381 | D        | Found an oddly glowing altar of Pakellas.
   415 | D        | Noticed a water moccasin
   415 | D        | Noticed a hill giant
   418 | D        | Reached skill level 12 in Maces & Flails
   419 | D        | Reached skill level 13 in Maces & Flails
   423 | D        | Reached XP level 6. HP: 23/59 MP: 6/6
   429 | D        | Demolished by a hill giant

Vault maps used:
D:        linesprint
